 Dungeon Crawl Stone Soup version 0.30-a0-859-gf88a04b62d (webtiles) character file.

Game seed: 15183448689301875899

77 testman the Trooper (level 4, -3/38 HPs)
             Began as a Human Wanderer on Mar 6, 2023.
             Was an Initiate of Ashenzari.
             Killed by divine providence
             ... invoked by an orc priest
              (14 damage)
             ... on level 3 of the Dungeon.
             The game lasted 00:09:05 (1608 turns).

testman the Trooper (Human Wanderer)                Turns: 1608, Time: 00:09:06

Health: -3/38      AC:  8    Str: 12    XL:     4   Next: 58%
Magic:  5/5        EV:  8    Int: 13    God:    Ashenzari [......]
Gold:   83         SH:  0    Dex: 14    Spells: 5/5 levels left

rFire   . . .      SeeInvis .    w - +2 short sword (speed)
rCold   . . .      Faith    .    (no shield)
rNeg    . . .      Spirit   .    b - +2 scale mail
rPois   .          Reflect  .    (no helmet)
rElec   .          Rampage  .    (no cloak)
rCorr   .                        (no gloves)
Will    .....                    (no boots) Stlth
                                 (no amulet)
HPRegen 0.26/turn                k - ring of wizardry
MPRegen 0.09/turn                (no ring)

@: no status effects
A: no striking features
a: Renounce Religion


You were on level 3 of the Dungeon.
You worshipped Ashenzari.
Ashenzari was noncommittal.
You visited 1 branch of the dungeon, and saw 3 of its levels.

You collected 143 gold pieces.
You spent 60 gold pieces at shops.

Inventory:

Hand Weapons
 a - a +0 short sword
 d - a +0 dagger
 w - a +2 short sword of speed (weapon)
Missiles
 c - 12 poisoned darts (quivered)
 u - 4 boomerangs
Armour
 b - a +2 scale mail (worn)
Jewellery
 k - a ring of wizardry (left hand)
Wands
 q - a wand of charming (6)
Scrolls
 e - a scroll of teleportation
 g - a scroll of enchant armour {unknown}
 i - 2 scrolls of vulnerability {unknown}
 l - a scroll of immolation {unknown}
 m - a scroll of identify {unknown}
 n - a scroll of brand weapon {unknown}
 o - a scroll of poison {unknown}
 s - 3 scrolls of noise {unknown}
Potions
 f - a potion of attraction {unknown}
 h - 3 potions of curing {unknown}
 j - a potion of invisibility {unknown}
 p - a potion of heal wounds
 r - a potion of ambrosia {unknown}
 t - a potion of brilliance {unknown}
 v - a potion of flight {unknown}


   Skills:
 - Level 4.4 Fighting
 + Level 1.0 Short Blades
 - Level 3.0 Throwing
 - Level 3.0 Armour
 - Level 1.0 Spellcasting


You had 5 spell levels left.
You didn't know any spells.
Your spell library was empty.

Dungeon Overview and Level Annotations

Branches:
Dungeon (3/15)

Altars:
Ashenzari

Shops:
D:1 !:(**


Message History

Found a stone staircase leading down.
An orc priest comes into view. It is wielding a +0 club.
The orc priest shouts!
You hear a shout!
An orc priest, an orc wizard and an orc come into view.
The orc priest shouts!
The orc wizard shouts!
The orc shouts!
The orc moves out of view.
The orc priest completely misses you.
You barely miss the orc priest. You hit the orc priest.
The orc priest is moderately wounded.
The orc priest barely misses you.
The orc priest casts a cantrip, but nothing happens.
You hit the orc priest. Your punch misses the orc priest.
The orc priest is heavily wounded.
The orc priest barely misses you.
The orc priest mumbles some strange prayers to Beogh against you.
Beogh smites you!
The orc wizard gestures wildly while chanting.
The orc wizard flickers and vanishes!
Deactivating autopickup; reactivate with Ctrl-A.
The orc priest begins to cast a cantrip, but forgets the words!
Throw: 14 darts (poison)
Press: ? - help, Q - select action, (/) - cycle Shift-Dir - straight line, f - orc priest
Aim: an orc priest, wielding a +0 club (heavily wounded, 62% to hit)
You throw a poisoned dart. The poisoned dart hits the orc priest!
The orc priest is poisoned.
The orc priest is heavily wounded.
Throw: 13 darts (poison)
Press: ? - help, Q - select action, (/) - cycle Shift-Dir - straight line, f/p - orc priest
Aim: an orc priest, wielding a +0 club (heavily wounded, very poisoned, 62% to hit)
You throw a poisoned dart.
The poisoned dart barely misses the orc priest.
The poisoned dart barely misses the orc priest.
The orc priest calls down the wrath of Beogh upon you.
Pain shoots through your body! The orc priest hits you with a +0 club.
* * * LOW HITPOINT WARNING * * *
The orc priest mumbles some strange prayers to Beogh against you.
Beogh smites you!
You die...

####...####
###.## #...#
#.### #### #.#
..# #.# #.#
#.#
####.###.###.#
......(.oo@..#
##.....#o#####
##....#.#
#..#o#.#
........# ....
##### ###


You could see 2 orc priests and an orc.

Vanquished Creatures
  An orc wizard (D:3)
  An adder (D:2)
  4 worms (D:2)
  A dart slug (D:1)
  An orc (D:3)
  2 endoplasms (D:2)
  A giant cockroach (D:1)
  2 goblins
  4 hobgoblins
  2 ball pythons
  4 bats
  2 frilled lizards
  4 kobolds
  2 rats
31 creatures vanquished.

Notes
Turn   | Place    | Note
-------+----------+-------------------------------------------
     0 | D:1      | testman the Human Wanderer began the quest for the Orb.
     0 | D:1      | testman set off with the following items: a +0 short sword,
                  | a +2 scale mail, 15 poisoned darts, a +0 dagger, a scroll
                  | of teleportation.
     0 | D:1      | Reached XP level 1. HP: 16/16 MP: 2/2
    44 | D:1      | Found Reem's Assorted Antiques.
   193 | D:1      | Reached XP level 2. HP: 23/23 MP: 3/3
   363 | D:1      | Reached skill level 3 in Fighting
   376 | D:1      | Found Xigoesch's Book Shoppe.
   472 | D:1      | Found Arieh's Weapon Emporium.
   572 | D:1      | Found Wegot's Distillery.
   575 | D:1      | Bought a potion of degeneration for 10 gold pieces
   575 | D:1      | Bought a potion of heal wounds for 50 gold pieces
   625 | D:1      | Found Figgas's Assorted Antiques.
   780 | D:2      | Reached XP level 3. HP: 24/29 MP: 4/4
   816 | D:2      | Found a broken altar of Ashenzari.
   828 | D:2      | Became a worshipper of Ashenzari the Shackled
  1381 | D:2      | Reached skill level 4 in Fighting
  1381 | D:2      | Reached XP level 4. HP: 35/37 MP: 5/5
  1608 | D:3      | Killed from afar by an orc priest

Illustrated notes

Levels and vault maps discovered:
D:1:      tarquinn_simple_flora_water_d, layout_basic, serial_shops,
          nicolae_shop_hallway_stairs, nicolae_shop_statue_plus,
          nicolae_shop_statue_plus, nicolae_shop_behind_doors, shop
D:2:      layout_rooms, basic_altar, nicolae_wormholes
D:3:      layout_loops_corners, serial_shops, shop, uniq_grinder

Skill      XL: |  1  2  3 |
---------------+----------+-----
Fighting       | 3 4 |  4.4
Short Blades   | |  1.0
Throwing       | |  3.0
Armour         | |  3.0
Spellcasting   | |  1.0

Action                     |  1- 3 |  4- 6 || total
---------------------------+-------+-------++-------
  Melee: Short sword       |   165 |    19 ||   184
  Throw: Dart              |    17 |     5 ||    22
 Armour: Scale mail        |    64 |     7 ||    71
  Dodge: Dodged            |    53 |    12 ||    65

Table legend: (Time is in decaauts)
 A = Elapsed time spent in this place.
 B = Non-inter-level travel time spent in this place.
 C = Inter-level travel time spent in this place.
 D = Time resting spent in this place.
 E = Time spent auto-exploring this place.
 F = Levels seen in this place.
 G = Mean time per level.
                   A        B        C        D        E       F      G
               +--------+--------+--------+--------+--------+-----+--------+
         Total |   1594 |   1495 |     99 |      3 |   1103 |   3 |  531.3 |
       Dungeon |   1594 |   1495 |     99 |      3 |   1103 |   3 |  531.3 |
               +--------+--------+--------+--------+--------+-----+--------+

Top non-repeatable levels by time:
     D:1: 741 daAuts
     D:2: 720 daAuts
     D:3: 133 daAuts
